 Dungeon Crawl Stone Soup version 0.21.1-1-g345015fe64 (webtiles) character file.

451 RaHiT the Covert (level 6, -5/44 HPs)
             Began as a Vampire Assassin on Feb 24, 2018.
             Was a Follower of Uskayaw.
             Killed by divine providence
             ... invoked by an orc priest
              (20 damage)
             ... on level 5 of the Dungeon.
             The game lasted 00:11:27 (3287 turns).

RaHiT the Covert (Vampire Assassin)                 Turns: 3287, Time: 00:11:27

Health: -5/44      AC:  6    Str: 10    XL:     6   Next: 75%
Magic:  6/6        EV: 14    Int: 14    God:    Uskayaw [*.....]
Gold:   189        SH:  0    Dex: 17    Spells: 5/5 levels left

rFire    . . .     SeeInvis +   n - +1 rapier
rCold    + . .     Gourm    .   (no shield)
rNeg     + + .     Faith    .   c - +0 robe
rPois    +         Spirit   .   v - +0 hat
rElec    .         Reflect  .   d - +0 cloak
rCorr    .         Harm     +   p - +2 pair of gloves
MR       .....                  (no boots)
Stlth    ++++++....             y - amulet of harm
HPRegen  0.07/turn              (no ring)
MPRegen  0.10/turn              (no ring)

@: regenerating slowly
A: fangs 3, see invisible, unbreathing
a: Bat Form, Stomp, Renounce Religion


You were on level 5 of the Dungeon.
You worshipped Uskayaw.
Uskayaw was noncommittal.
You were thirsty.

You visited 1 branch of the dungeon, and saw 5 of its levels.

You collected 189 gold pieces.

Inventory:

Hand Weapons
 a - a +2 dagger
 b - a +0 blowgun
 n - a +1 rapier (weapon)
Missiles
 e - 16 poisoned needles
 f - 2 curare-tipped needles
 l - 6 javelins (quivered)
 C - 3 tomahawks
Armour
 c - a +0 robe (worn)
 d - a +0 cloak (worn)
 p - a +2 pair of gloves (worn)
 v - a +0 hat (worn)
Jewellery
 x - an uncursed amulet of rage
 y - an amulet of harm (around neck)
Wands
 w - a wand of enslavement (11)
Scrolls
 h - 5 scrolls of remove curse
 j - 2 scrolls of enchant weapon
 m - 3 scrolls of teleportation
 q - a scroll of enchant armour
 r - a scroll of blinking
 t - a scroll of fog
 B - a scroll of immolation {unknown}
Potions
 g - 3 potions of curing
 i - 2 potions of magic
 k - 15 potions of blood
 s - a potion of heal wounds {unknown}
 u - a potion of flight {unknown}
 z - a potion of brilliance
 A - a potion of berserk rage {unknown}
Books
 o - a book of Cantrips

   Spells                             Type                      Level
   a - Confusing Touch                Hexes                        1
   b - Animate Skeleton               Necromancy                   1
   c - Summon Small Mammal            Summoning                    1
   d - Apportation                    Translocation                1


   Skills:
 - Level 2.0 Fighting
 - Level 2.1 Short Blades
 - Level 2.0 Throwing
 - Level 3.7 Dodging
 + Level 10.8 Stealth


You had 5 spell levels left.
You didn't know any spells.

Dungeon Overview and Level Annotations

Branches:
Dungeon (5/15)
 Temple: D:4-7

Altars:
Uskayaw
Vehumet
Wu Jian


Innate Abilities, Weirdness & Mutations

You heal slowly.
You have razor-sharp teeth.
You have supernaturally acute eyesight. (SInv)
You can survive without breathing.


Message History

You barely miss the orc. The orc closely misses you.
The orc hits you but does no damage. The orc barely misses you.
An orc priest comes into view. It is wielding a short sword.
You hit the orc.
The orc is heavily wounded.
The orc hits you but does no damage. x4
You hit the orc.
You kill the orc!
The orc misses you. The orc hits you.
You can now pass through a line of other dancers.
An orc comes into view. It is wielding a flail.
The orc closely misses you. The orc hits you.
Things that are here:
a dagger; a leather armour; an orc corpse You can no longer pass through a line of other dancers.
The orc priest mumbles some strange prayers to Beogh against you.
Beogh smites you!
The orc priest invokes the aid of Beogh against you.
Beogh smites you!
You die...

#.....+ .....#
#...o[# .....#
#....)#####..>..#
#...............#
###'##..........#
#....#..........#
#....#o.........#
#....+..o.......#
###+##..@....)..#
........<.#######
..........#
..........#
..........#
..........#
..........#
####.......
#........


You could see an orc priest and 2 orcs.

Vanquished Creatures
  A sky beast (D:2)
  A black bear (D:4)
  A scorpion (D:4)
  An orc wizard (D:5)
  An iguana (D:4)
  A worker ant (D:4)
  6 adders
  A worm (D:3)
  5 dart slugs
  4 leopard geckos
  8 orcs
  8 bats
  2 giant cockroaches
  5 hobgoblins
  A ball python (D:1)
  A ball python skeleton (D:4)
  5 frilled lizards
  4 goblins
  A jackal skeleton (D:4)
  9 kobolds
  8 rats
74 creatures vanquished.

Notes
Turn   | Place    | Note
-------+----------+-------------------------------------------
     0 | D:1      | RaHiT the Vampire Assassin began the quest for the Orb.
     0 | D:1      | Reached XP level 1. HP: 16/16 MP: 1/1
   130 | D:1      | Reached skill level 6 in Stealth
   305 | D:1      | Reached XP level 2. HP: 22/22 MP: 2/2
   772 | D:2      | Noticed a dagger
   776 | D:2      | Found a hide-covered altar of Uskayaw.
   776 | D:2      | Noticed a dagger
   787 | D:2      | Became a worshipper of Uskayaw the Reveler
   794 | D:2      | Reached * piety under Uskayaw
   936 | D:2      | Reached XP level 3. HP: 27/27 MP: 3/3
  1000 | D:2      | Reached ** piety under Uskayaw
  1084 | D:2      | Noticed a sky beast
  1186 | D:2      | Reached skill level 7 in Stealth
  1186 | D:2      | Reached XP level 4. HP: 26/33 MP: 4/4
  1186 | D:2      | Reached *** piety under Uskayaw
  1491 | D:2      | Killed a sky beast
  1491 | D:2      | Reached XP level 5. HP: 5/38 MP: 5/5
  1781 | D:2      | Found an ornate altar of the Wu Jian Council.
  1781 | D:2      | Found a radiant altar of Vehumet.
  1822 | D:2      | Reached skill level 8 in Stealth
  2753 | D:4      | Reached skill level 9 in Stealth
  2930 | D:4      | Reached XP level 6. HP: 37/44 MP: 6/6
  2956 | D:4      | Reached skill level 10 in Stealth
  3244 | D:5      | Entered Level 5 of the Dungeon
  3287 | D:5      | Killed from afar by an orc priest

Skill      XL: |  1  2  3  4  5  6 |
---------------+-------------------+-----
Stealth        | 6 7 9 10 | 10.8
Fighting       | 2 |  2.0
Throwing       | 2 |  2.0
Dodging        | 2 3 |  3.7
Short Blades   | |  2.1

Action                   |  1- 3 |  4- 6 || total
-------------------------+-------+-------++-------
Melee: Dagger            |    87 |    44 ||   131
       Bite              |     2 |     8 ||    10
       Rapier            |       |   126 ||   126
 Fire: Blowgun           |       |     5 ||     5
  Use: Potion            |     8 |     6 ||    14
       Scroll            |       |     6 ||     6
 Stab: Sleeping          |    11 |    12 ||    23
       Paralysed         |       |     1 ||     1
Armor: Robe              |    22 |    34 ||    56
       Skin              |       |    27 ||    27
Dodge: Dodged            |    54 |    88 ||   142
